 Dungeon Crawl Stone Soup version 0.18-a0-30-g52c0daa (webtiles) character file.

825460 ZactheCaz the Skullcrusher (level 27, -2/298 HPs)
             Began as a Demonspawn Berserker on Nov 2, 2015.
             Was a High Priest of Trog.
             Slain by Antaeus
             ... wielding a +0 bardiche of chopping
              (8 damage)
             ... on level 7 of Cocytus on Nov 4, 2015.
             The game lasted 06:29:44 (103643 turns).

ZactheCaz the Skullcrusher (Demonspawn Berserker) Turns: 103643, Time: 06:29:46

Health: -2/298     AC: 35    Str: 16 (20) XL:     27
Magic:  7/7        EV: 15    Int: 19      God:    Trog [*****.]
Gold:   7070       SH: 21    Dex: 13 (15) Spells: 0 memorised, 26 levels left

rFire  . . .     SeeInvis +     n - +9 demon whip (antimagic)
rCold  + + +     Clarity  .     T - +8 chain mail "Woetuh" {rC+ rN+ Int+2}
rNeg   + + .     SustAt   .     R - +5 shield {AC+3}
rPois  .         Gourm    .     (helmet unavailable)
rElec  +         Spirit   .     j - +2 cloak {+Inv}
rCorr  +         Warding  .     e - +0 pair of gloves of the Land of Plenty {rCorr SInv}
rMut   .         Stasis   .     S - +2 pair of boots {Fly}
MR     +++++                    a - amulet of regeneration
Stlth  ..........               J - ring of Irei {rC++ rN+ Stlth+}
                                U - ring "Plog" {+Fly MR++ Str-2 Int+4 Slay+6}

@: flying, regenerating, almost entirely resistant to hostile enchantments,
extremely unstealthy
A: claws 1, horns 3, talons 1, thin metallic scales 3, clever 1, clumsy 1,
demonic guardian 3, powered by pain 3, robust 2, shaggy fur 1, spit poison 1,
weak 1, augmentation 3, MP-powered wands
a: Spit Poison, Berserk, Trog's Hand, Brothers in Arms, Burn Spellbooks,
Renounce Religion, Evoke Invisibility, Stop Flying
}: 5/15 runes: decaying, slimy, silver, abyssal, gossamer


You were on level 7 of Cocytus.
You worshipped Trog.
Trog was extremely pleased with you.
You were not hungry.

You visited 12 branches of the dungeon, and saw 65 of its levels.
You visited the Abyss 2 times.
You also visited: Labyrinth, Ice Cave, Volcano and Wizlab.

You collected 9286 gold pieces.
You spent 2216 gold pieces at shops.

Inventory:

Hand Weapons
 n - a +9 antimagic demon whip (weapon)
 O - the +10 hand crossbow of the Undead {speed, Str+4}
   (Trog gifted it to you on level 1 of the Depths)

   Attacks with this weapon are significantly faster.
   It affects your strength (+4).
Missiles
 d - 29 bolts of penetration
 f - 45 steel bolts (quivered)
 E - 87 silver bolts
 N - 1216 bolts
Armour
 e - the +0 pair of gloves of the Land of Plenty (worn) {rCorr SInv}
   (You found it on level 2 of the Depths)

   It lets you see invisible.
   It protects you from acid and corrosion.
 j - a +2 cloak of invisibility (worn)
 D - the +5 ring mail of Pejofudd {rPois MR+ rCorr}
   (You took it off a minotaur in a labyrinth)

   It protects you from poison.
   It affects your resistance to hostile enchantments.
   It protects you from acid and corrosion.
 I - the +0 pair of gloves of Divine Compulsion {rC+ Str+7 Stlth+}
   (You found it on level 3 of the Elven Halls)

   It affects your strength (+7).
   It protects you from cold.
   It makes you more stealthy.
 R - a +5 shield of protection (worn)
 S - a +2 pair of boots of flying (worn)
 T - the +8 chain mail "Woetuh" (worn) {rC+ rN+ Int+2}
   (You found it on level 3 of the Elven Halls)

   It affects your intelligence (+2).
   It protects you from cold.
   It protects you from negative energy.
Jewellery
 a - an amulet of regeneration (around neck)
 k - the ring "Isoum" {+Inv rF+ rC+ rN+}
   (You found it on level 3 of the Crypt)

   [ring of positive energy]

   It protects you from fire.
   It protects you from cold.
   It protects you from negative energy.
   It lets you turn invisible.
 s - an uncursed amulet of resist mutation
 J - the ring of Irei (right hand) {rC++ rN+ Stlth+}
   (You found it on level 3 of the Crypt)

   [ring of positive energy]

   It greatly protects you from cold.
   It protects you from negative energy.
   It makes you more stealthy.
 U - the ring "Plog" (left hand) {+Fly MR++ Str-2 Int+4 Slay+6}
   (You bought it in a shop on level 15 of the Dungeon)

   [ring of flight]

   It affects your strength (-2).
   It affects your intelligence (+4).
   It affects your accuracy and damage with ranged weapons and melee attacks
   (+6).
   It affects your resistance to hostile enchantments.
   It lets you fly.
 W - the ring "Xait" {Wiz rPois rF++}
   (You found it on level 6 of the Pits of Slime)

   [ring of wizardry]

   It improves your spell success rate.
   It greatly protects you from fire.
   It protects you from poison.
Wands
 b - a wand of digging (10)
 u - a wand of digging (12)
 x - a wand of digging (11)
 H - a wand of disintegration (13)
 K - a wand of teleportation (6)
 L - a wand of digging (6)
 Z - a wand of invisibility (6)
Scrolls
 g - 13 scrolls of recharging
 i - 17 scrolls of teleportation
 m - 2 scrolls of blinking
 o - 18 scrolls of remove curse
 t - a scroll of enchant armour
 y - 7 scrolls of summoning
 z - a scroll of identify
 B - 3 scrolls of magic mapping
 G - a scroll of brand weapon
 P - 10 scrolls of fear
 Q - 4 scrolls of fog
 X - 5 scrolls of enchant weapon
Potions
 h - 9 potions of cancellation
 q - 2 potions of resistance
 r - 3 potions of haste
 w - 13 potions of curing
 A - 5 potions of might
 C - 4 potions of ambrosia
 F - 7 potions of agility
Miscellaneous
 l - the horn of Geryon
Comestibles
 c - 19 bread rations
 p - 34 meat rations


   Skills:
 O Level 27 Fighting
 O Level 27 Maces & Flails
   Level 6.9 Polearms
 - Level 15.0 Crossbows
 - Level 10.0 Armour
 + Level 19.5 Dodging
 - Level 21.6 Shields


You had 26 spell levels left.
You didn't know any spells.

Dungeon Overview and Level Annotations

Branches:
Dungeon (15/15)            Temple (0/1) D:4            Lair (8/8) D:11
  Swamp (4/4) Lair:6       Spider (4/4) Lair:5        Slime (6/6) Lair:7
    Orc (4/4) D:10            Elf (3/3) Orc:3        Vaults (5/5) D:14
  Crypt (3/3) Vaults:2       Tomb (0/3) Crypt:3      Depths (5/5) D:15
   Hell (1/1)                 Dis (0/7) Hell            Geh (0/7) Hell
    Coc (7/7) Hell            Tar (0/7) Hell            Zot (0/5) Depths:5

Altars:
Ashenzari
Cheibriados
Dithmenos
Elyvilon
Fedhas
Gozag
Kikubaaqudgha
Nemelex Xobeh
Okawaru
Ru
Sif Muna
Trog
Xom
Yredelemnul
Zin
Beogh
Jiyva

Shops:
D:15 =   Orc:4 [*(=   Elf:1 %   Elf:3 (   Vaults:2 ?   Vaults:5 *   Depths:1 *
Depths:2 *[

Portals:
Hell: Depths:1 Depths:2 Depths:3 Depths:4 Depths:5
Abyss: Depths:1 Depths:2 Depths:4 Depths:5
Pandemonium: Depths:1 Depths:2 Depths:3
Ziggurat: Depths:5
Trove: Vaults:4 (give wand of hasting (9))

Annotations:
Coc:7 Antaeus


Innate Abilities, Weirdness & Mutations

You have a pair of large horns on your head.
You are completely covered in thin metallic scales (AC +4, rElec).
A powerful demonic guardian rushes to your aid.
You are powered by pain.
Your magical and physical power is greatly enhanced at high health.
You have sharp fingernails.
You have sharp toenails.
Your mind is acute. (Int +2)
You are clumsy. (Dex -2)
You are very robust (+20% HP).
You are covered in fur (AC +1).
You can spit weak poison.
You are weak. (Str -2)
You expend magic power (3 MP) to strengthen your wands.


Message History

You whack Antaeus!
Antaeus's magic leaks into the air.
Antaeus is almost dead.
You block the shard shrike's attack.
Your balrug gestures at Antaeus.
Antaeus is smitten.
Your ogre closely misses the shard shrike.
Antaeus falters for a moment.
You whack Antaeus!
Antaeus's magic leaks into the air.
Antaeus is almost dead.
You block the shard shrike's attack.
Your balrug hits Antaeus with a demon whip of venom!!
Antaeus is engulfed in flames!!
Antaeus is burned terribly!
Antaeus looks even sicker.
You hit Antaeus.
Antaeus's magic leaks into the air.
Antaeus is almost dead.
Your ogre closely misses the shard shrike.
Antaeus hits you with a bardiche of chopping!!!
* * * LOW HITPOINT WARNING * * *
Antaeus freezes you! You resist.
You die...

≈≈≈.#....#.## #.#....
≈≈.#......## .#
#..... ≈.#........#
.## .....
≈.#....#...## #..#
..#.. ≈ .#.......##$
# #...# . . ≈
#....#...##.#.#....#
#.
#........##.:#2...#
.#......###....C..#
≈.#....#.## #.@.#
≈≈.####.≈.####b###
≈≈≈....≈≈≈.#.O...#.≈≈
≈≈≈≈≈≈≈≈≈.#.......#
≈≈≈≈≈≈≈.#.........#
≈≈≈≈≈≈≈.#...#.#...#
≈≈≈≈≈≈≈.#.........#
≈≈≈≈≈≈≈.#.........#
≈≈≈≈≈≈≈≈.#.......#.≈


You could see Antaeus, a shard shrike, a friendly balrug and a friendly ogre
(berserk).

Vanquished Creatures
  the royal jelly (Slime:6)
  5 ancient liches
  A juggernaut (Depths:4)
  A greater mummy (Depths:2)
  Sojobo (Vaults:3)
  Margery (Depths:4)
  13 shard shrikes
  A caustic shrike (Depths:4)
  Geryon (Hell)
  5 golden dragons
  A profane servitor (Abyss:1)
  12 bone dragons
  A Brimstone Fiend (Coc:7)
  A hellephant (Hell)
  Jorgrun (Swamp:3)
  2 Hell Sentinels (Abyss:3)
  4 tentacled monstrosities
  3 deep elf blademasters
  17 Ice Fiends
  14 acid blobs
  12 liches
  A quicksilver dragon (Vaults:5)
  2 deep elf master archers (Elf:3)
  5 titans (Vaults:5)
  5 ancient champions
  6 sphinxes
  Murray (Hell)
  28 tentacled starspawn
  2 eldritch tentacles
  Gastronok (Orc:2)
  4 Executioners
  6 shadow dragons
  Agnes (Elf:1)
  4 thorn hunters
  Kirke (Lair:5)
  4 draconian monks
  13 tengu reavers
  7 azure jellies
  5 storm dragons
  5 revenants
  12 fire giants
  9 deep elf sorcerers
  Donald (Spider:2)
  2 iron dragons
  16 frost giants
  An azure jelly (shapeshifter) (Vaults:5)
  2 balrugs
  3 orc warlords
  Louise (Depths:5)
  2 cacodemons
  2 draconian zealots
  20 vault wardens
  5 curse skulls
  4 ghost moths (Spider:4)
  9 emperor scorpions
  4 ghouls (Crypt:1)
  31 very ugly things
  21 ironheart preservers
  A caustic shrike skeleton (Crypt:2)
  A spriggan defender (Depths:3)
  9 war gargoyles
  7 reapers
  3 elemental wellsprings
  2 green draconians (Depths:5)
  32 stone giants
  3 lorocyprocas
  3 salamander firebrands
  12 deep elf demonologists
  A black draconian (Abyss:3)
  6 vampire knights
  5 deep elf annihilators
  2 mottled draconians
  4 dire elephants
  14 deep elf death magi
  Snorg (D:11)
  8 fire dragons
  17 ettins
  21 yaktaur captains
  2 crystal guardians
  12 blizzard demons
  4 green deaths
  A quicksilver dragon zombie (Coc:5)
  6 death oozes
  8 eidola
  5 kraken zombies
  22 great orbs of eyes
  3 deep elf high priests
  6 jiangshi
  13 entropy weavers
  26 ice dragons
  51 vault guards
  9 rakshasas
  26 hydras
  A naga warrior (Abyss:1)
  A ghost crab (Swamp:4)
  The ghost of ProzacElf the Carver, a journeyman HESk of the Shining One (Lair:1)
  4 spriggan air magi
  A quicksilver dragon skeleton (Coc:3)
  3 death knights
  13 dancing weapons (Elf:2)
  2 merfolk aquamancers (Depths:4)
  12 ogre magi
  7 alligators
  14 centaur warriors
  17 deep troll earth magi
  3 tengu warriors
  3 death yaks (Lair:7)
  10 soul eaters
  31 thrashing horrors
  9 deep troll shamans
  2 orc high priests (Orc:4)
  4 spriggan berserkers
  6 vampire magi
  2 naga sharpshooters (Depths:4)
  5 sun demons
  10 hell hogs (Abyss:1)
  3 titan zombies
  6 shadow wraiths
  An iron golem (WizLab)
  30 ice devils
  29 wretched stars
  81 skeletal warriors
  17 deep elf knights
  2 fire crabs
  5 flayed ghosts
  6 iron trolls
  7 spatial maelstroms
  2 titan skeletons
  3 storm dragon skeletons
  A gelid demonspawn (Depths:1)
  9 anaconda zombies
  52 deep trolls
  3 hell knights (Depths:4)
  10 deep elf summoners
  15 unseen horrors
  A quicksilver dragon simulacrum (Coc:7)
  A golden dragon zombie (Depths:2)
  3 unseen horrors (shapeshifter)
  An infernal demonspawn (Depths:1)
  3 shadow demons
  97 starcursed masses
  3 spriggan druids (Swamp:4)
  3 shadow dragon zombies
  2 harpies (shapeshifter) (WizLab)
  A giant orange brain (shapeshifter) (WizLab)
  2 shambling mangroves
  10 swamp dragons
  A lindwurm (Lair:6)
  15 orc knights
  11 harpies
  10 phantasmal warriors
  5 anaconda skeletons
  7 hill giants
  3 kraken simulacra
  A golden dragon skeleton (Coc:6)
  23 ironbrand convokers
  3 sphinx zombies (Depths:2)
  10 giant orange brains
  21 orb spiders
  12 necromancers
  5 stone giant zombies
  2 iron dragon zombies
  20 hornets
  54 ugly things
  3 shining eyes
  4 wolf spider zombies
  3 salamanders (shapeshifter)
  An anubis guard (shapeshifter) (WizLab)
  A mana viper (Abyss:3)
  4 hornets (shapeshifter)
  27 wolf spiders
  3 fire giant zombies
  An orb spider (shapeshifter) (Vaults:3)
  6 orc sorcerers
  5 wizards
  5 frost giant zombies
  8 deep elf conjurers
  7 cyclopes
  4 griffons
  3 shadow dragon skeletons
  A tengu skeleton (Vaults:3)
  76 large abominations
  6 human zombies
  The ghost of kylecrane the Magician, a novice FoEE of Cheibriados (D:6)
  11 worldbinders
  A manticore (shapeshifter) (WizLab)
  86 slime creatures
  An octopode (shapeshifter) (WizLab)
  A dire elephant zombie (Coc:6)
  2 iron dragon skeletons
  14 elephants
  31 smoke demons
  A black mamba (shapeshifter) (WizLab)
  14 fire giant skeletons
  5 stone giant skeletons
  7 storm dragon simulacra
  3 frost giant skeletons
  4 orange demons
  24 spiny frogs
  7 apocalypse crabs
  A guardian serpent (shapeshifter) (Vaults:4)
  3 sixfirhies
  2 ice statues
  8 black mambas
  A molten gargoyle (Hell)
  12 vault sentinels
  4 titan simulacra
  5 human skeletons
  2 moths of wrath
  4 gargoyles (Crypt:3)
  2 eyes of devastation (Slime:6)
  3 torpor snails
  5 guardian serpents
  2 spiny frogs (shapeshifter) (WizLab)
  2 komodo dragons (shapeshifter)
  2 dire elephant skeletons
  4 centaur skeletons (D:15)
  An eye of devastation (shapeshifter) (Vaults:5)
  5 rust devils
  7 komodo dragons
  A mottled draconian zombie (Crypt:1)
  2 catoblepas zombies
  12 tormentors
  A red draconian zombie (Coc:6)
  4 swamp worm zombies (Crypt:2)
  77 small abominations
  4 yaktaurs (shapeshifter)
  7 hellwings
  A yellow draconian skeleton (Crypt:1)
  3 red devils
  10 trolls
  12 deep elf priests
  A yaktaur zombie (Vaults:3)
  2 golden dragon simulacra (IceCv)
  10 anaconda simulacra
  5 guardian mummies
  7 demonic crawlers
  4 hellions
  A white draconian skeleton (Crypt:2)
  5 efreet
  65 yaktaurs
  A fire drake (shapeshifter) (WizLab)
  A minotaur zombie (Crypt:2)
  A death drake zombie (Crypt:1)
  A merfolk (shapeshifter) (WizLab)
  A ghost moth simulacrum (Coc:6)
  14 hydra zombies
  A jumping spider (shapeshifter) (Depths:1)
  2 raiju (shapeshifter)
  3 tengu conjurers
  2 fire drakes
  18 ancient zymes
  A giant leech (shapeshifter) (Vaults:5)
  6 giant leeches
  2 polar bears
  2 blink frogs (shapeshifter)
  37 jumping spiders
  A moth of wrath zombie (Crypt:1)
  31 freezing wraiths
  20 blue devils
  2 trolls (shapeshifter)
  A wind drake (shapeshifter) (WizLab)
  36 blink frogs
  6 ettin zombies
  A human simulacrum (Vaults:1)
  73 raiju
  25 two-headed ogres
  15 boulder beetles
  3 alligator skeletons
  A snapping turtle (shapeshifter) (Depths:4)
  An ushabti (Crypt:3)
  10 hydra skeletons
  7 alligator zombies
  11 bog bodies
  2 fire dragon zombies
  An ice dragon zombie (Coc:7)
  A trapdoor spider (shapeshifter) (Depths:3)
  25 trapdoor spiders
  29 deep elf magi
  A redback (shapeshifter) (Vaults:1)
  7 spriggans
  2 yaks (shapeshifter) (WizLab)
  39 flying skulls
  2 black mamba zombies
  2 fire giant simulacra
  17 water elementals
  8 fire dragon skeletons (Crypt:3)
  12 shadows
  3 dire elephant simulacra (IceCv)
  A spriggan (shapeshifter) (WizLab)
  A human (WizLab)
  21 tarantellas
  3 ice dragon skeletons
  25 ynoxinuls
  4 wyverns
  30 deep elf fighters
  A human (shapeshifter) (Elf:3)
  3 ettin skeletons
  8 fire bats
  19 wraiths
  8 vampires
  7 air elementals
  Eustachio (D:5)
  55 redbacks
  21 neqoxecs
  66 yaks
  A black mamba skeleton (Coc:5)
  9 golden eyes
  5 basilisks
  9 hippogriffs
  7 harpy simulacra
  4 hungry ghosts
  7 fire elementals
  3 golden eyes (shapeshifter)
  A steam dragon (D:13)
  A basilisk (shapeshifter) (Vaults:3)
  7 chaos spawn
  25 insubstantial wisps
  30 vampire mosquitoes
  24 swamp worms
  Menkaure (D:6)
  3 iron troll simulacra (IceCv)
  6 wolves
  2 hogs (Lair:5)
  3 hydra simulacra
  6 wargs
  7 hell hounds
  A mottled dragon (shapeshifter) (Vaults:1)
  3 nagas (Depths:4)
  5 spatial vortices
  13 porcupines
  2 water moccasins (shapeshifter)
  A soldier ant (shapeshifter) (WizLab)
  33 water moccasins
  9 spiny frog zombies
  Duvessa (D:7)
  2 ettin simulacra (IceCv)
  7 eyes of draining
  2 sky beasts
  44 orc warriors
  5 spiny frog skeletons
  4 snapping turtle zombies
  15 swamp drakes
  14 ice beasts
  14 wasps
  3 black bears
  50 ogres
  A black bear (shapeshifter) (WizLab)
  A wasp (shapeshifter) (Vaults:5)
  A lindwurm zombie (Crypt:1)
  40 spiders
  3 necrophages
  An ogre (shapeshifter) (Vaults:1)
  An alligator simulacrum (Coc:2)
  The ghost of admarant the Insei, an amateur DsMo (D:3)
  A swamp dragon skeleton (Coc:5)
  13 boggarts
  2 manticore skeletons
  A big kobold (shapeshifter) (WizLab)
  8 crocodiles
  An elephant skeleton (Crypt:2)
  6 phantoms
  A hog zombie (Crypt:1)
  4 snapping turtle skeletons
  18 centaurs
  A giant frog (shapeshifter) (Vaults:1)
  Blork the orc (D:4)
  2 wyvern zombies
  5 brain worms
  A wyvern skeleton (D:7)
  16 giant frogs
  An elf skeleton (Coc:7)
  A scorpion (shapeshifter) (WizLab)
  5 scorpions
  Dowan (D:7)
  A water moccasin skeleton (D:9)
  A polar bear zombie (Crypt:1)
  2 spiny frog simulacra
  A tengu zombie (Depths:2)
  A hippogriff zombie (Crypt:1)
  17 killer bees
  An orc simulacrum (Vaults:1)
  16 wights
  A troll skeleton (Coc:5)
  12 quasits
  6 electric eels
  2 centaur zombies
  8 iron imps
  4 draconian simulacra (IceCv)
  10 crimson imps
  25 orc priests
  2 giant frog skeletons
  20 jellies
  39 orc wizards
  A wasp zombie (Crypt:2)
  9 hounds
  A basilisk skeleton (Crypt:2)
  A black bear skeleton (Crypt:1)
  A two-headed ogre skeleton (Crypt:2)
  Jessica (D:3)
  3 troll simulacra (IceCv)
  Natasha (thrice) (D:4)
  9 iguanas
  5 hell rats (Hell)
  17 worker ants
  8 sheep
  A big kobold zombie (Crypt:1)
  4 centaur simulacra (IceCv)
  A wolf simulacrum (IceCv)
  A naga zombie (Abyss:1)
  A crocodile skeleton (Crypt:1)
  An elf simulacrum (Vaults:1)
  A hound zombie (D:13)
  A hound skeleton (D:4)
  15 mummies
  A naga simulacrum (IceCv)
  Robin (D:4)
  An ogre simulacrum (IceCv)
  76 river rats
  18 adders
  14 gnolls
  2 shadow imps
  33 white imps
  4 giant eyeballs (WizLab)
  18 ufetubi
  3 oozes
  4 worms (D:2)
  An adder skeleton (D:4)
  A sheep skeleton (Crypt:2)
  206 orcs
  A bat zombie (Crypt:2)
  7 giant cockroaches
  7 hobgoblins
  14 jackals
  5 kobolds
  8 quokkas
  2 ball pythons
  3 bats
  2 giant geckos (D:1)
  A giant gecko skeleton (D:7)
  2 giant newts
  12 goblins
  A jackal skeleton (D:6)
  3 orc skeletons
  A quokka zombie (D:5)
  6 rats
  A briar patch (Swamp:3)
  An eldritch tentacle segment (Abyss:1)
  2 lost souls (Crypt:3)
  3 lurking horrors
  2 plants
  22 starspawn tentacles
  4 tentacles
4189 creatures vanquished.

Vanquished Creatures (collateral kills)
  the Serpent of Hell (Coc:7)
  An ancient lich (Coc:4)
  2 shard shrikes
  2 tentacled monstrosities
  A golden dragon (Vaults:5)
  A hellephant (Abyss:3)
  A lich (Abyss:1)
  2 Ice Fiends (Coc:7)
  3 tentacled starspawn (Abyss:1)
  2 Executioners
  An eldritch tentacle (Abyss:1)
  A shadow dragon (Depths:5)
  A frost giant (Coc:7)
  A very ugly thing (Abyss:1)
  A stone giant (Depths:4)
  2 ironheart preservers
  A reaper (Coc:6)
  A purple draconian (Depths:5)
  A blizzard demon (Coc:7)
  2 ettins
  An eidolon (Abyss:3)
  A minotaur (Lab)
  A great orb of eyes (Depths:3)
  An ogre mage (Vaults:5)
  2 hydras
  A catoblepas (Depths:1)
  An ice dragon (Coc:7)
  A death knight (Depths:4)
  A centaur warrior (Depths:3)
  A rakshasa (Depths:1)
  A deep troll shaman (Depths:2)
  5 large abominations
  A spriggan berserker (Depths:3)
  A thrashing horror (Abyss:1)
  2 skeletal warriors
  4 ice devils (Coc:7)
  A titan skeleton (Coc:7)
  2 hell knights (Depths:4)
  A deep troll (Vaults:4)
  A harpy (shapeshifter) (D:13)
  A necromancer (Depths:4)
  A hill giant (D:10)
  An ironbrand convoker (Vaults:5)
  2 deep elf conjurers
  A wolf spider (Spider:3)
  An orb spider (Spider:3)
  A worldbinder (Abyss:1)
  A centaur zombie (D:10)
  2 apocalypse crabs
  A smoke demon (Abyss:1)
  3 spiny frogs
  2 shining eyes
  A titan simulacrum (Coc:7)
  3 yaktaurs
  A freezing wraith (Abyss:1)
  2 ancient zymes
  A two-headed ogre (Vaults:5)
  A deep elf priest (Vaults:4)
  10 blink frogs
  5 slime creatures
  3 raiju (Abyss:3)
  An alligator zombie (Coc:6)
  A stone giant simulacrum (Coc:7)
  4 flying skulls (Coc:7)
  A tarantella (Spider:4)
  A wraith (Coc:5)
  2 redbacks
  A deep elf mage (D:10)
  A ynoxinul (Abyss:1)
  2 yaks (Lair:7)
  A water elemental (Coc:7)
  A wyvern (D:8)
  2 chaos spawn (Abyss:1)
  4 insubstantial wisps (Abyss:3)
  2 hydra simulacra (Coc:7)
  A snapping turtle zombie (Coc:5)
  A spider (Spider:3)
  A porcupine (Lair:1)
  An ice beast (D:6)
  An ogre (Vaults:5)
  A wasp (Depths:3)
  A swamp dragon skeleton (Coc:4)
  A centaur (Depths:4)
  3 giant frogs
  4 small abominations (Abyss:1)
  A scorpion (D:5)
  3 starcursed masses (Abyss:3)
  A hound (D:14)
  A worker ant (D:5)
  An iron imp (Abyss:1)
  A river rat (Lair:7)
  2 ufetubi
  4 white imps
  A giant gecko (D:3)
  5 orcs
  2 goblins (D:4)
  3 hobgoblins
  2 crawling corpses (Vaults:5)
  A lurking horror (Abyss:3)
  6 starspawn tentacles
175 creatures vanquished.

Vanquished Creatures (others)
  A bone dragon (Abyss:3)
  3 eldritch tentacles
  A hell hog (Abyss:3)
  A skeletal warrior (Coc:3)
  A hydra zombie (Coc:7)
  A fire drake (Volcano)
  A two-headed ogre (Volcano)
  A blink frog (Abyss:3)
  A bog body (Swamp:4)
  A flying skull (Coc:5)
  A raiju (Abyss:1)
  A water elemental (Depths:4)
  2 redbacks (Spider:4)
  A deep elf fighter (Volcano)
  A hog (Volcano)
  A neqoxec (Abyss:3)
  A human (D:5)
  A boggart (Vaults:3)
  An ogre (Vaults:5)
  5 small abominations
  A crimson imp (Depths:2)
  2 orc wizards
  An iguana (Lair:2)
  2 ufetubi
  2 orcs
  4 briar patches (Swamp:3)
  270 eldritch tentacle segments
  47 fungi
  5 lost souls
  5 lurking horrors
  65 plants
  36 starspawn tentacles
  413 starspawn tentacle segments
  24 tentacles
  178 tentacle segments
1082 creatures vanquished.

Grand Total: 5446 creatures vanquished

Notes
Turn   | Place    | Note
--------------------------------------------------------------
     0 | D:1      | ZactheCaz the Demonspawn Berserker began the quest for the Orb.
     0 | D:1      | Reached XP level 1. HP: 18/18 MP: 1/1
   577 | D:1      | Gained mutation: You sometimes gain a little power by taking damage. [demonic ancestry]
   577 | D:1      | Reached XP level 2. HP: 18/24 MP: 2/2
  1052 | D:2      | Found a sparkling altar of Nemelex Xobeh.
  1119 | D:2      | Reached ** piety under Trog
  1248 | D:2      | Found a shadowy altar of Dithmenos.
  1260 | D:2      | Reached XP level 3. HP: 29/29 MP: 3/3
  1384 | D:2      | Found a white marble altar of Elyvilon.
  1630 | D:2      | Reached skill level 4 in Maces & Flails
  1667 | D:2      | Found a snail-covered altar of Cheibriados.
  1744 | D:2      | Reached XP level 4. HP: 33/35 MP: 4/4
  2007 | D:2      | Found an iron altar of Okawaru.
  2543 | D:2      | Reached skill level 5 in Maces & Flails
  2557 | D:2      | Found a blossoming altar of Fedhas.
  2749 | D:3      | Found a bloodstained altar of Trog.
  2856 | D:3      | Noticed admarant's ghost (amateur DsMo)
  2864 | D:3      | Killed admarant's ghost
  2864 | D:3      | Gained mutation: A weak demonic guardian rushes to your aid. [demonic ancestry]
  2864 | D:3      | Reached XP level 5. HP: 41/41 MP: 5/5
  3029 | D:3      | Noticed Jessica
  3036 | D:3      | Killed Jessica
  3036 | D:3      | Reached skill level 6 in Maces & Flails
  3169 | D:3      | Noticed a sky beast
  3193 | D:3      | Killed a sky beast
  3193 | D:3      | Gained mutation: You sometimes gain power by taking damage. [demonic ancestry]
  3193 | D:3      | Reached XP level 6. HP: 41/47 MP: 6/6
  3720 | D:4      | Reached *** piety under Trog
  3818 | D:4      | Found a staircase to the Ecumenical Temple.
  3876 | D:4      | Noticed Blork the orc
  3886 | D:4      | Killed Blork the orc
  3886 | D:4      | Reached skill level 7 in Maces & Flails
  4176 | D:4      | Reached XP level 7. HP: 42/52 MP: 7/7
  4241 | D:4      | Noticed Robin
  4243 | D:4      | Noticed Natasha
  4267 | D:4      | Killed Natasha
  4278 | D:4      | Killed Robin
  4282 | D:4      | Reached skill level 8 in Maces & Flails
  4520 | D:4      | Noticed Natasha
  4525 | D:4      | Killed Natasha
  4859 | D:4      | Noticed Natasha
  4863 | D:4      | Killed Natasha
  4910 | D:5      | Entered Level 5 of the Dungeon
  4942 | D:5      | Gained mutation: You are powered by pain. [demonic ancestry]
  4942 | D:5      | Reached XP level 8. HP: 58/58 MP: 8/8
  4944 | D:5      | Reached skill level 9 in Maces & Flails
  5190 | D:5      | Found an ancient bone altar of Kikubaaqudgha.
  5190 | D:5      | Found a shimmering altar of Xom.
  5230 | D:5      | Found an ancient bone altar of Kikubaaqudgha.
  5473 | D:5      | Found a glowing silver altar of Zin.
  5534 | D:5      | Reached **** piety under Trog
  5663 | D:5      | Noticed Eustachio
  5691 | D:5      | Killed Eustachio
  6055 | D:6      | Reached skill level 10 in Maces & Flails
  6168 | D:6      | Found an opulent altar of Gozag.
  6306 | D:6      | Noticed kylecrane's ghost (novice FoEE)
  6381 | D:6      | Killed kylecrane's ghost
  6459 | D:6      | Found a white marble altar of Elyvilon.
  6558 | D:6      | Reached skill level 11 in Maces & Flails
  6558 | D:6      | Reached XP level 9. HP: 43/63 MP: 9/9
  6929 | D:6      | Noticed Menkaure
  6939 | D:6      | Killed Menkaure
  7682 | D:7      | Noticed Duvessa
  7683 | D:7      | Noticed Dowan
  7818 | D:7      | Killed Dowan
  8010 | D:7      | Killed Duvessa
  8106 | D:7      | Found a bloodstained altar of Trog.
  8462 | D:8      | Reached skill level 12 in Maces & Flails
  9623 | D:8      | Found a blossoming altar of Fedhas.
  9629 | D:8      | Reached skill level 5 in Dodging
  9696 | D:8      | Found a shimmering altar of Xom.
 10039 | D:9      | Gained mutation: You are partially covered in thin metallic scales (AC +2). [demonic ancestry]
 10039 | D:9      | Reached XP level 10. HP: 52/70 MP: 10/10
 10279 | D:9      | Found a basalt altar of Yredelemnul.
 10967 | D:9      | Reached ***** piety under Trog
 11258 | D:10     | Entered Level 10 of the Dungeon
 11671 | D:10     | Received a gift from Trog
 12043 | D:10     | Noticed a hill giant
 12061 | D:10     | Killed a hill giant
 12939 | D:10     | Reached skill level 10 in Dodging
 13200 | D:10     | Found a staircase to the Orcish Mines.
 13372 | D:11     | Found a basalt altar of Yredelemnul.
 13386 | D:11     | Reached XP level 11. HP: 54/73 MP: 11/11
 13711 | D:11     | Found a staircase to the Lair.
 13735 | D:11     | Noticed Snorg
 13756 | D:11     | Killed Snorg
 14104 | D:11     | Reached skill level 5 in Armour
 14321 | D:11     | Reached skill level 1 in Polearms
 15245 | D:11     | Noticed a hill giant
 15857 | D:11     | Killed a hill giant
 16070 | D:11     | Reached skill level 5 in Fighting
 16141 | D:11     | Found an iron altar of Okawaru.
 16347 | Lair:1   | Entered Level 1 of the Lair of Beasts
 16380 | Lair:1   | Noticed a four-headed hydra
 16389 | Lair:1   | Killed a four-headed hydra
 16536 | Lair:1   | Reached skill level 5 in Polearms
 16548 | Lair:1   | Reached skill level 1 in Shields
 16582 | Lair:1   | Noticed a six-headed hydra
 17163 | Lair:1   | Killed a six-headed hydra
 17481 | Lair:1   | Received a gift from Trog
 17569 | Lair:1   | Reached XP level 12. HP: 80/86 MP: 12/12
 17583 | Lair:1   | Noticed ProzacElf's ghost (journeyman HESk)
 17620 | Lair:1   | Killed ProzacElf's ghost
 18622 | Lair:2   | Reached skill level 5 in Shields
 18910 | Lair:2   | Noticed a four-headed hydra
 18925 | Lair:2   | Killed a four-headed hydra
 18929 | Lair:2   | Found a labyrinth entrance.
 18935 | Lab      | Entered a labyrinth
 19461 | Lab      | Noticed a minotaur
 19495 | Lab      | Killed a minotaur
 19498 | Lab      | Got a translucent brass ring
 19499 | Lab      | Got a pitted long sword {holy}
 19499 | Lab      | Got an ichor-stained ring mail
 19557 | Lab      | Identified the +5 ring mail of Pejofudd {rPois MR+ rCorr} (You took it off a minotaur in a labyrinth)
 19685 | Lab      | Identified the ring of Tecvippu {+Fly rElec rC+ rN+ Str-2 Dex+4} (You took it off a minotaur in a labyrinth)
 21196 | Lair:3   | Got a heavily runed ring mail
 22015 | Lair:4   | Identified the +9 ring mail "Pukyomea" {Slay+2} (You found it on level 3 of the Lair of Beasts)
 22888 | Lair:5   | Noticed a seven-headed hydra
 22896 | Lair:5   | Killed a seven-headed hydra
 22896 | Lair:5   | Reached XP level 13. HP: 91/91 MP: 13/13
 22946 | Lair:5   | Reached skill level 10 in Shields
 23062 | Lair:5   | Found a dark tunnel.
 23071 | Volcano  | Entered a volcano
 23124 | Volcano  | Received a gift from Trog
 23439 | Volcano  | HP: 3/91 [something (4)]
 23700 | Lair:5   | Noticed Kirke
 23794 | Lair:5   | Killed Kirke
 24389 | Lair:5   | Found a hole to the Spider Nest.
 24834 | Lair:5   | Reached skill level 13 in Maces & Flails
 26119 | Lair:6   | Found a staircase to the Swamp.
 26279 | Lair:6   | Got an encrusted hand crossbow
 26872 | Lair:7   | Reached skill level 14 in Maces & Flails
 27261 | Lair:7   | Found a staircase to the Slime Pits.
 27789 | Lair:8   | Entered Level 8 of the Lair of Beasts
 27947 | Lair:8   | Received a gift from Trog
 28291 | Lair:8   | Gained mutation: You are robust (+10% HP). [potion of beneficial mutation]
 28657 | Lair:7   | Gained mutation: You are mostly covered in thin metallic scales (AC +3). [demonic ancestry]
 28657 | Lair:7   | Reached XP level 14. HP: 101/107 MP: 4/14
 28750 | Lair:7   | Reached skill level 15 in Maces & Flails
 30160 | Lair:8   | Received a gift from Trog
 32034 | D:12     | Reached ****** piety under Trog
 32459 | D:12     | Received a gift from Trog
 32681 | D:12     | Found a shattered altar of Ashenzari.
 32718 | D:12     | Identified the +6 hand crossbow "Zamoqocs" {elec, rC+ Str+4 Dex+3} (You found it on level 6 of the Lair of Beasts)
 33436 | D:13     | Reached XP level 15. HP: 113/113 MP: 5/15
 33951 | D:14     | Received a gift from Trog
 34097 | D:14     | Found a gate to the Vaults.
 34386 | D:14     | Reached skill level 15 in Shields
 34762 | D:15     | Entered Level 15 of the Dungeon
 34991 | D:15     | Found a staircase to the Depths.
 35486 | D:15     | Found Qoafan's Jewellery Emporium.
 35511 | D:15     | Bought the ring "Plog" {+Fly MR++ Str-2 Int+4 Slay+6} for 872 gold pieces
 36516 | Orc:1    | Entered Level 1 of the Orcish Mines
 36556 | Orc:1    | Received a gift from Trog
 37273 | Orc:3    | Found a staircase to the Elven Halls.
 38055 | Orc:4    | Entered Level 4 of the Orcish Mines
 38057 | Orc:4    | Found Roqenugge's Jewellery Emporium.
 38105 | Orc:4    | Bought the ring of Otalaoll {rElec rF- Dex+4 Slay+6 SInv} for 722 gold pieces
 38348 | Orc:4    | Found Uxkynas's Antique Weapon Emporium.
 38505 | Orc:4    | Received a gift from Trog
 38545 | Orc:4    | Reached skill level 10 in Armour
 38546 | Orc:4    | Found Fuokin's Antique Armour Shoppe.
 38690 | Orc:4    | Found Aggoh's General Store.
 38703 | Orc:4    | Gained mutation: You have a pair of small horns on your head. [demonic ancestry]
 38703 | Orc:4    | Reached XP level 16. HP: 113/119 MP: 5/16
 38759 | Orc:4    | Found a deep blue altar of Sif Muna.
 39122 | Orc:2    | Noticed Gastronok
 39144 | Orc:2    | Killed Gastronok
 39554 | Orc:2    | Found a bloodstained altar of Trog.
 39961 | Spider:1 | Entered Level 1 of the Spider Nest
 40269 | Spider:1 | Received a gift from Trog
 41236 | Spider:2 | Noticed Donald
 41267 | Spider:2 | Killed Donald
 41312 | Spider:2 | Gained mutation: Your mind is acute. (Int +2) [potion of beneficial mutation]
 41583 | Spider:2 | Received a gift from Trog
 41588 | Spider:2 | Found a roughly hewn altar of Beogh.
 41614 | Spider:2 | Got a translucent scale mail
 41788 | Spider:2 | Reached skill level 16 in Maces & Flails
 42553 | Spider:3 | Received a gift from Trog
 43177 | Spider:4 | Entered Level 4 of the Spider Nest
 43651 | Spider:4 | Identified the +6 scale mail of Activism {rElec Regen+ Stlth+} (You found it on level 2 of the Spider Nest)
 44510 | Spider:4 | Gained mutation: You are completely covered in thin metallic scales (AC +4, rElec). [demonic ancestry]
 44510 | Spider:4 | Reached XP level 17. HP: 115/137 MP: 5/17
 44877 | Spider:3 | Received a gift from Trog
 44999 | Spider:4 | Reached skill level 17 in Maces & Flails
 45180 | Spider:4 | Reached skill level 1 in Crossbows
 45439 | Spider:4 | Reached skill level 10 in Fighting
 45888 | Spider:4 | Got a gossamer rune of Zot
 45956 | Spider:4 | Received a gift from Trog
 45957 | Spider:4 | Got a brightly glowing shortbow {god gift}
 46359 | Swamp:1  | Entered Level 1 of the Swamp
 46427 | Swamp:1  | Reached skill level 5 in Crossbows
 46811 | Swamp:1  | Found a sacrificial altar of Ru.
 47049 | Swamp:2  | Found a frozen archway.
 47072 | IceCv    | Entered an ice cave
 48848 | Swamp:2  | Received a gift from Trog
 49510 | Swamp:3  | Noticed Jorgrun
 49678 | Swamp:3  | Killed Jorgrun
 49899 | Swamp:3  | Gained mutation: Your magical and physical power is slightly enhanced at high health. [demonic ancestry]
 49899 | Swamp:3  | Reached XP level 18. HP: 118/149 MP: 6/18
 49919 | Swamp:3  | Got a jewelled leather armour
 50114 | Swamp:3  | Reached skill level 10 in Crossbows
 50282 | Swamp:3  | Identified the +1 leather armour of Taghoff {rF+ Str+3} (You found it on level 3 of the Swamp)
 50588 | Swamp:4  | Entered Level 4 of the Swamp
 51066 | Swamp:4  | Received a gift from Trog
 51769 | Swamp:4  | Got a decaying rune of Zot
 52312 | Vaults:1 | Entered Level 1 of the Vaults
 52345 | Vaults:1 | Received a gift from Trog
 52557 | Vaults:1 | Received a gift from Trog
 52586 | Vaults:1 | Reached skill level 18 in Maces & Flails
 52806 | Vaults:1 | Received a gift from Trog
 53223 | Vaults:1 | Received a gift from Trog
 53760 | Vaults:1 | Gained mutation: You have a pair of horns on your head. [demonic ancestry]
 53760 | Vaults:1 | Reached XP level 19. HP: 150/162 MP: 6/19
 54066 | Vaults:1 | Got a transparent leather armour
 54195 | Vaults:1 | Got a translucent triple sword {slice}
 54413 | Vaults:1 | Received a gift from Trog
 54950 | Vaults:2 | Identified the cursed +0 leather armour of Elyvilon's Castigation {rElec MR+ rCorr} (You took it off a vault sentinel on level 1 of the Vaults)
 54951 | Vaults:2 | Identified the +7 triple sword of the Grave {slice, +Inv rF- rN+++ Stlth+} (You took it off an ironheart preserver on level 1 of the Vaults)
 54979 | Vaults:2 | Found Sufuw's Magic Scroll Shop.
 54991 | Vaults:2 | Bought a scroll of enchant armour for 112 gold pieces
 54991 | Vaults:2 | Bought a scroll of identify for 30 gold pieces
 54991 | Vaults:2 | Bought a scroll of enchant armour for 112 gold pieces
 54991 | Vaults:2 | Bought a scroll of identify for 30 gold pieces
 54991 | Vaults:2 | Bought a scroll of enchant weapon for 112 gold pieces
 54991 | Vaults:2 | Bought a scroll of identify for 30 gold pieces
 55053 | Vaults:2 | Reached skill level 19 in Maces & Flails
 55694 | Vaults:2 | Received a gift from Trog
 56225 | Vaults:2 | Found a staircase to the Crypt.
 56569 | Vaults:3 | Noticed Sojobo
 56598 | Vaults:3 | Received a gift from Trog
 56604 | Vaults:3 | Killed Sojobo
 57143 | Vaults:3 | Received a gift from Trog
 57444 | Vaults:3 | Received a gift from Trog
 57459 | Vaults:3 | Gained mutation: You have a pair of large horns on your head. [demonic ancestry]
 57459 | Vaults:3 | Reached XP level 20. HP: 160/176 MP: 6/20
 57463 | Vaults:3 | Reached skill level 20 in Maces & Flails
 57870 | Vaults:4 | Found a snail-covered altar of Cheibriados.
 57923 | Vaults:4 | Found a portal to a secret trove of treasure.
 58387 | Vaults:4 | Reached skill level 15 in Fighting
 58519 | Vaults:4 | Received a gift from Trog
 58805 | Vaults:4 | Received a gift from Trog
 58813 | Vaults:4 | Got a translucent hand crossbow {god gift}
 59212 | Vaults:4 | Reached skill level 21 in Maces & Flails
 59250 | Vaults:4 | Identified the +7 hand crossbow of Suicidal Tendencies {velocity, Str+4} (Trog gifted it to you on level 4 of the Vaults)
 60170 | Elf:1    | Entered Level 1 of the Elven Halls
 60407 | Elf:1    | Noticed Agnes
 60411 | Elf:1    | Killed Agnes
 60469 | Elf:1    | Found Weosint's Food Emporium.
 60629 | Elf:1    | Received a gift from Trog
 60999 | Elf:1    | Upgraded the game from 0.18-a0-23-g19353e1 to 0.18-a0-25-g5abf10f
 61115 | Elf:2    | Found a magical portal.
 61124 | WizLab   | Entered Cigotuvi's Fleshworks
 61230 | WizLab   | Received a gift from Trog
 61307 | WizLab   | Paralysed by a giant eyeball for 2 turns
 61312 | WizLab   | Paralysed by a giant eyeball for 4 turns
 61321 | WizLab   | Paralysed by a giant eyeball for 3 turns
 61329 | WizLab   | Paralysed by a giant eyeball for 3 turns
 61498 | WizLab   | Got a bound zirconium amulet
 61501 | WizLab   | Identified the amulet "Zogam" {rMut -Tele rElec rF- Str+2} (You found it in a wizard's laboratory)
 61594 | WizLab   | Gained mutation: You are covered in fur (AC +1). [potion of beneficial mutation]
 61595 | WizLab   | Gained mutation: You can spit weak poison. [potion of beneficial mutation]
 61596 | WizLab   | Gained mutation: You have sharp fingernails. [potion of beneficial mutation]
 61597 | WizLab   | Gained mutation: You have sharp toenails. [potion of beneficial mutation]
 62054 | WizLab   | Reached XP level 21. HP: 184/184 MP: 7/21
 62180 | Elf:2    | Reached skill level 22 in Maces & Flails
 62210 | Elf:2    | Found a runed gate.
 62210 | Elf:2    | Found a runed gate.
 62210 | Elf:2    | Found a runed gate.
 62332 | Elf:2    | Received a gift from Trog
 62507 | Elf:2    | Received a gift from Trog
 63157 | Elf:2    | Identified a scroll of acquirement
 63417 | Elf:3    | Entered Level 3 of the Elven Halls
 63714 | Elf:3    | Found Tamiu's Weapon Boutique.
 65220 | Elf:3    | Received a gift from Trog
 65375 | Elf:3    | Received a gift from Trog
 65407 | Elf:3    | Reached skill level 23 in Maces & Flails
 65562 | Elf:3    | Received a gift from Trog
 65630 | Elf:3    | Got a pair of scorched gloves
 65636 | Elf:3    | Identified the cursed +0 pair of gloves of Divine Compulsion {rC+ Str+7 Stlth+} (You found it on level 3 of the Elven Halls)
 65651 | Elf:3    | Got a transparent chain mail
 65660 | Elf:3    | Got a jewelled great mace
 65676 | Elf:3    | Identified the +8 chain mail "Woetuh" {rC+ rN+ Int+2} (You found it on level 3 of the Elven Halls)
 65696 | Elf:3    | Identified the cursed +1 great mace of Desperation {crush, +Inv rElec Str+2 Int-4} (You found it on level 3 of the Elven Halls)
 66480 | Vaults:5 | Entered Level 5 of the Vaults
 66501 | Vaults:5 | Noticed an ancient lich
 66537 | Vaults:5 | Killed an ancient lich
 66546 | Vaults:5 | Received a gift from Trog
 66551 | Vaults:5 | Got an ancient flail {god gift}
 66713 | Vaults:5 | Found Funkog's General Store.
 66721 | Vaults:5 | Bought a scroll of identify for 36 gold pieces
 66833 | Vaults:5 | Gained mutation: A demonic guardian rushes to your aid. [demonic ancestry]
 66833 | Vaults:5 | Reached XP level 22. HP: 180/192 MP: 7/22
 66903 | Vaults:5 | Noticed an ancient lich
 66912 | Vaults:5 | Killed an ancient lich
 66912 | Vaults:5 | Reached skill level 24 in Maces & Flails
 67013 | Vaults:5 | Received a gift from Trog
 67328 | Vaults:5 | Got a translucent ring mail
 67329 | Vaults:5 | Identified the +1 ring mail "Domoq" {*Drain rElec rPois MP+9} (You found it on level 5 of the Vaults)
 67330 | Vaults:5 | Identified the +4 flail of Descent {antimagic, +Inv MR+ Stlth+} (Trog gifted it to you on level 5 of the Vaults)
 67412 | Vaults:5 | Received a gift from Trog
 67622 | Vaults:5 | Reached skill level 25 in Maces & Flails
 67639 | Vaults:5 | Got a fine ring mail
 67646 | Vaults:5 | Identified the +6 ring mail of Indemnity {Slay+2} (You took it off a vault warden on level 5 of the Vaults)
 67760 | Vaults:5 | Received a gift from Trog
 68375 | Vaults:5 | Gained mutation: Your magical and physical power is enhanced at high health. [demonic ancestry]
 68375 | Vaults:5 | Reached XP level 23. HP: 122/199 MP: 7/23
 68393 | Vaults:5 | Received a gift from Trog
 68502 | Vaults:5 | Got a warped leather armour
 68587 | Vaults:5 | Received a gift from Trog
 68839 | Vaults:5 | Reached skill level 26 in Maces & Flails
 68863 | Vaults:5 | Got a silver rune of Zot
 69812 | Depths:1 | Entered Level 1 of the Depths
 69902 | Depths:1 | Received a gift from Trog
 70543 | Depths:1 | Found a one-way gate leading to the halls of Pandemonium.
 70621 | Depths:1 | Received a gift from Trog
 70865 | Depths:1 | Found Uvustriar's Pet Rocks.
 71164 | Depths:1 | Found a one-way gate to the infinite horrors of the Abyss.
 71172 | Depths:1 | Found a gateway to Hell.
 71203 | Depths:1 | Received a gift from Trog
 71206 | Depths:1 | Got a scorched hand crossbow {god gift}
 71209 | Depths:1 | Identified the +10 hand crossbow of the Undead {speed, Str+4} (Trog gifted it to you on level 1 of the Depths)
 71606 | Depths:2 | Reached skill level 27 in Maces & Flails
 71875 | Depths:2 | Found Oxisti's Armour Boutique.
 71883 | Depths:2 | Received a gift from Trog
 72028 | Depths:2 | Found Nexkenai's General Store.
 72031 | Depths:2 | Bought a potion of curing for 60 gold pieces
 72031 | Depths:2 | Bought a scroll of identify for 40 gold pieces
 72031 | Depths:2 | Bought a potion of curing for 60 gold pieces
 72031 | Depths:2 | Identified the +1 leather armour of Hairiness {rC+ Int-5 Slay+5} (You found it on level 5 of the Vaults)
 72047 | Depths:2 | Got a pair of steaming gloves
 72058 | Depths:2 | Identified the +0 pair of gloves of the Land of Plenty {rCorr SInv} (You found it on level 2 of the Depths)
 72239 | Depths:2 | Noticed a greater mummy
 72247 | Depths:2 | Killed a greater mummy
 72247 | Depths:2 | Gained mutation: Your magical and physical power is greatly enhanced at high health. [demonic ancestry]
 72247 | Depths:2 | Reached XP level 24. HP: 206/206 MP: 7/23
 73247 | Depths:3 | Received a gift from Trog
 73248 | Depths:3 | Got a brightly glowing flail {god gift}
 73920 | Depths:3 | Received a gift from Trog
 74070 | Depths:3 | Got a scorched flail
 74082 | Depths:3 | Identified the +2 flail of Necer {crush, Int+5} (You found it on level 3 of the Depths)
 74084 | Depths:3 | Identified the +5 flail of Annihilation {venom, rN+} (Trog gifted it to you on level 3 of the Depths)
 74168 | Depths:3 | Received a gift from Trog
 74568 | Depths:3 | Reached skill level 15 in Crossbows
 74682 | Depths:3 | Received a gift from Trog
 74695 | Depths:3 | Got a bloodstained hand crossbow {god gift}
 74697 | Depths:3 | Identified the +11 hand crossbow of Sudden Death {velocity, Str+4 Dex+6} (Trog gifted it to you on level 3 of the Depths)
 74821 | Depths:4 | Noticed a juggernaut
 74828 | Depths:4 | Killed a juggernaut
 74972 | Depths:4 | Noticed Margery
 74999 | Depths:4 | Killed Margery
 75025 | Depths:4 | Got a bone flail
 75172 | Depths:4 | Identified the +6 flail "Riloixtoaph" {flame, MR++} (You found it on level 4 of the Depths)
 75387 | Depths:4 | Gained mutation: A powerful demonic guardian rushes to your aid. [demonic ancestry]
 75387 | Depths:4 | Reached XP level 25. HP: 220/220 MP: 7/23
 75545 | Depths:4 | Received a gift from Trog
 75550 | Depths:4 | Got a transparent tin ring
 75552 | Depths:4 | Identified the ring of Walakeitu {+Inv MR+ MP+9 Str+7} (You took it off a vampire knight on level 4 of the Depths)
 75561 | Depths:4 | Got a bloodstained glaive {god gift}
 75666 | Depths:4 | Found a sparkling altar of Nemelex Xobeh.
 75678 | Depths:4 | Got a pitted amber ring
 75689 | Depths:4 | Identified the ring "Weymocwileo" {-Tele rPois Int+7 Dex+5} (You took it off a vampire knight on level 4 of the Depths)
 75781 | Depths:4 | Found an iron altar of Okawaru.
 75795 | Depths:4 | Identified the +4 glaive of Insomnia {venom, MR+ Dex+3} (Trog gifted it to you on level 4 of the Depths)
 75904 | Depths:4 | Got a transparent wooden ring
 76050 | Depths:5 | Entered Level 5 of the Depths
 76494 | Depths:5 | Found a gateway to a ziggurat.
 76503 | Depths:5 | Received a gift from Trog
 76920 | Depths:5 | Noticed Louise
 76934 | Depths:5 | Killed Louise
 77171 | Depths:5 | Received a gift from Trog
 77411 | Depths:5 | Found a gate to the Realm of Zot.
 78199 | Depths:5 | Identified the ring "Ekaun Zedi" {rPois Str+2} (You found it on level 4 of the Depths)
 78285 | Hell     | Entered the Vestibule of Hell
 78285 | Hell     | Noticed Geryon
 78301 | Hell     | Killed Geryon
 78365 | Hell     | Found a gateway to the ashen valley of Gehenna.
 78417 | Hell     | Found a gateway to the Iron City of Dis.
 78483 | Hell     | Found a gateway to the freezing wastes of Cocytus.
 78517 | Hell     | Reached XP level 26. HP: 231/242 MP: 7/23
 78562 | Hell     | Found a gateway to the decaying netherworld of Tartarus.
 78594 | Hell     | Noticed Murray
 78631 | Hell     | Killed Murray
 78908 | Hell     | Upgraded the game from 0.18-a0-25-g5abf10f to 0.18-a0-30-g52c0daa
 79356 | Lair:2   | Received a gift from Trog
 79489 | Slime:1  | Entered Level 1 of the Pits of Slime
 79709 | Slime:3  | Gained mutation: You expend magic power (3 MP) to strengthen your wands. [a shining eye]
 80646 | Slime:6  | Entered Level 6 of the Pits of Slime
 80789 | Slime:6  | Received a gift from Trog
 80828 | Slime:6  | Noticed the royal jelly
 81534 | Slime:6  | Received a gift from Trog
 81698 | Slime:6  | Found a viscous altar of Jiyva.
 81719 | Slime:6  | Killed the royal jelly
 81748 | Slime:6  | Got a slimy rune of Zot
 81760 | Slime:6  | Got a jewelled great mace
 81769 | Slime:6  | Got a flickering graven amulet
 81803 | Slime:6  | Got a glittering amber ring
 81885 | Slime:6  | Identified the amulet of Midsummer {Faith Int+3} (You found it on level 6 of the Pits of Slime)
 81887 | Slime:6  | Identified the ring "Xait" {Wiz rPois rF++} (You found it on level 6 of the Pits of Slime)
 82001 | Slime:6  | Identified the +3 great mace "Tuucut" {vamp, Dex+3} (You found it on level 6 of the Pits of Slime)
 82868 | Crypt:1  | Entered Level 1 of the Crypt
 83436 | Crypt:1  | Found an ancient bone altar of Kikubaaqudgha.
 84465 | Crypt:1  | Received a gift from Trog
 85182 | Crypt:3  | Entered Level 3 of the Crypt
 85563 | Crypt:3  | Got a crude brass ring
 85700 | Crypt:3  | Identified the ring of Attitude {Wiz Str-2 Dex+6 Stlth+} (You found it on level 3 of the Crypt)
 85815 | Crypt:3  | Reached XP level 27. HP: 258/261 MP: 7/23
 86050 | Crypt:3  | Found an ancient bone altar of Kikubaaqudgha.
 86092 | Crypt:3  | Noticed an ancient lich
 86106 | Crypt:3  | Killed an ancient lich
 86124 | Crypt:3  | Received a gift from Trog
 86568 | Crypt:3  | Got a polished flail
 86569 | Crypt:3  | Identified the +9 flail of Ashenzari's Regard {antimagic, Int+7} (You found it on level 3 of the Crypt)
 86614 | Crypt:3  | Found a staircase to the Tomb.
 86745 | Crypt:3  | Got a shimmering granite ring
 86754 | Crypt:3  | Identified the ring of Irei {rC++ rN+ Stlth+} (You found it on level 3 of the Crypt)
 86757 | Crypt:3  | Got a coiled platinum ring
 86758 | Crypt:3  | Identified the ring "Isoum" {+Inv rF+ rC+ rN+} (You found it on level 3 of the Crypt)
 87534 | Depths:1 | Voluntarily entered the Abyss.
 87712 | Abyss:1  | Received a gift from Trog
 87809 | Abyss:1  | Got an ancient great mace
 88427 | Abyss:2  | Received a gift from Trog
 88618 | Abyss:3  | Found a corrupted altar of Lugonu.
 89151 | Abyss:3  | Found a corrupted altar of Lugonu.
 89196 | Abyss:3  | Identified the +9 great mace of Resourcefulness {venom, rF+ Int+2 Dex-2} (You found it on level 1 of the Abyss)
 89246 | Abyss:3  | Received a gift from Trog
 89594 | Abyss:3  | Found a sacrificial altar of Ru.
 90095 | Abyss:3  | Paralysed by accursed screaming for 1 turns
 90215 | Depths:1 | Escaped the Abyss
 90485 | Depths:1 | Voluntarily entered the Abyss.
 90485 | Abyss:1  | Found a corrupted altar of Lugonu.
 90487 | Abyss:1  | Noticed an ancient lich
 90538 | Abyss:1  | Killed an ancient lich
 90547 | Abyss:1  | Reached skill level 27 in Fighting
 90551 | Abyss:1  | Received a gift from Trog
 91573 | Abyss:1  | Found a corrupted altar of Lugonu.
 91888 | Abyss:1  | Received a gift from Trog
 91897 | Abyss:1  | Paralysed by accursed screaming for 1 turns
 92196 | Abyss:1  | Received a gift from Trog
 92761 | Abyss:1  | Paralysed by accursed screaming for 1 turns
 93091 | Abyss:1  | Received a gift from Trog
 94288 | Abyss:1  | Noticed an ancient lich
 94297 | Abyss:1  | Killed an ancient lich
 94585 | Abyss:2  | Found a burning altar of Makhleb.
 95005 | Abyss:2  | Received a gift from Trog
 95113 | Abyss:2  | Found a corrupted altar of Lugonu.
 95182 | Abyss:2  | Found a corrupted altar of Lugonu.
 95416 | Abyss:2  | Found a corrupted altar of Lugonu.
 95489 | Abyss:2  | Found a snail-covered altar of Cheibriados.
 96119 | Abyss:3  | Gained mutation: You are weak. (Str -2) [a neqoxec]
 96121 | Abyss:3  | Gained mutation: You are clumsy. (Dex -2) [a neqoxec]
 96122 | Abyss:3  | Got an abyssal rune of Zot
 96150 | Abyss:3  | Found a corrupted altar of Lugonu.
 96248 | Abyss:3  | Found a corrupted altar of Lugonu.
 96328 | Abyss:3  | Paralysed by you for 4 turns
 96427 | Abyss:3  | Received a gift from Trog
 96431 | Abyss:3  | Noticed an ancient lich
 96447 | Abyss:3  | Paralysed by accursed screaming for 1 turns
 96539 | Abyss:3  | Found a corrupted altar of Lugonu.
 96661 | Depths:1 | Escaped the Abyss
 96855 | Coc:1    | Entered Level 1 of Cocytus
 98949 | Coc:6    | Paralysed by an eldritch tentacle for 7 turns
 99036 | Coc:6    | Reached skill level 15 in Dodging
 99049 | Coc:7    | Entered Level 7 of Cocytus
 99070 | Coc:7    | Received a gift from Trog
101317 | Coc:4    | Noticed an ancient lich
101336 | Coc:4    | Killed an ancient lich
101416 | Coc:4    | Received a gift from Trog
101653 | Coc:7    | Received a gift from Trog
102028 | Hell     | Received a gift from Trog
102031 | Hell     | Got a brightly glowing mace {god gift}
102166 | Hell     | Identified the +12 mace "Beastbane" {crush, rC+} (Trog gifted it to you in the Vestibule of Hell)
102696 | Coc:7    | Noticed Antaeus
102706 | Coc:7    | Noticed the Serpent of Hell
102718 | Coc:7    | HP: 12/273 [the Serpent of Hell/flash freeze (17)]
103244 | Coc:6    | Gained mutation: You are very robust (+20% HP). [mutagenic glow]
103411 | Coc:7    | Killed the Serpent of Hell
103643 | Coc:7    | HP: 6/298 [Antaeus/bardiche of chopping (54)]
103643 | Coc:7    | Slain by Antaeus

Vault maps used:
D:1:      evilmike_arrival_fibonacci_small
D:2:      nemelex_deck, fedhas_altar_2, okawaru_trees_1, elyvilon_altar_5,
          lemuel_coloured_pillars_altar, cheibriados_altar_wand_db
D:3:      st_stairs_5, trog_three_pillars_becter, uniq_jessica
D:4:      temple_fountains, hangedman_feature_mirror, minmay_bisected,
          uniq_robin, uniq_blork_the_orc, uniq_natasha
D:5:      gammafunk_temple_overflow_pools, nicolae_overflow_hidden_temple,
          first_bread, kennysheep_diamond, tgw_kikubaaqudgha, uniq_eustachio
D:6:      basic_altar, grunt_gozag_statues, uniq_menkaure
D:7:      lemuel_crystal_altar, uniq_duvessa
D:8:      hangedman_tree_tricks, st_stairs_9, xom_teletrap_fun
D:9:      overflow_temple_1_default
D:10:     hiddenorc1_lemuel, minmay_misc_feat_roman
D:11:     lair_0_dummy, kennysheep_cross_room, hangedman_feature_mirror,
          uniq_snorg
D:12:     basic_altar, grunt_decor_fettered
D:13:     minmay_misc_feat_four_crosses, feat_on_display
D:14:     erik_vaults_2, kennysheep_cluttered_room
D:15:     grunt_enter_depths_magical_seal, serial_shops, nicolae_shop_stone,
          minmay_misc_feat_diagonals, nrook_pool_corridor
Lair:1:   gammafunk_lair_bear_cave, grunt_megastairs_3
Lair:2:   lab_entry_generic, serial_bayou_pond_b, grunt_megastairs_2,
          lemuel_fruit_fields
Lair:3:   guppyfry_lair_drakes, serial_bayou_shore_a
Lair:4:   minivault_24
Lair:5:   spider_nest_entry_funnel_web, nicolae_volcano_entry_two_sided,
          bh_autumn_forest_stairs, uniq_kirke
Lair:6:   swamp_mist, eino_small_chamber_without_monster,
          roderic_lost_polar_bear
Lair:7:   slime_dummy, serial_bayou_pond_a, serial_bayou_pond_d
Lair:8:   hangedman_lair_tendril_chambers
Swamp:1:  basic_altar
Swamp:2:  portal_ice_cave_entry_pillars_02, evilmike_swamp_ruin_house_1,
          swamp_pool1, infiniplex_staircase_pool_2
Swamp:3:  infiniplex_staircase_pool, swamp_pool4, uniq_jorgrun
Swamp:4:  swamp_basic_johnstein
Spider:1: guppyfry_spider_mini_2
Spider:2: nicolae_spider_mines_2, uniq_donald
Spider:4: spider_rune_water
Slime:2:  uniq_dissolution
Orc:2:    trog_book, uniq_gastronok
Orc:3:    nicolae_orc_pool_cavern, amalloy_card_club
Orc:4:    grunt_orc_gardens, grunt_orc_garden, grunt_orc_garden,
          grunt_orc_garden, grunt_orc_garden, led_sif_book
Elf:1:    serial_shops, nicolae_shop_competitors_out_of_business,
          hangedman_elf_disciples, uniq_agnes
Elf:2:    mu_enter_wizlab_6, minivault_4, hangedman_elf_simple_split
Elf:3:    elf_hall, serial_shops, nicolae_shop_statue_plus
Vaults:1: hangedman_vaults_corner, st_greater_box_4,
          nicolae_vaults_mini_display_case, v_alt_pattern_4, vaults_dpeg_doors,
          grunt_vaults_hallway_long, nicolae_vaults_windows_and_doors_thing,
          v_misc_27, vaults_room_corners, v_alt_pattern_2
Vaults:2: hangedman_vaults_stagger, nicolae_vaults_murderbox,
          vaults_room_door_ring, minmay_crypt_entry_simple_statues,
          nicolae_vaults_three_branches, ontoclasm_vaults_tryst, v_misc_19,
          v_alt_pattern_3, v_misc_4, serial_shops, shop
Vaults:3: v_rooms_1, v_pattern_5, v_alt_pattern_4, hangedman_vaults_nails,
          hangedman_vaults_stretched_pinwheel, hangedman_vaults_variations,
          nicolae_vaults_angled_halls, nicolae_vaults_alarming, v_misc_27,
          ontoclasm_vaults_decontamination, ontoclasm_vaults_idyll,
          vaults_room_stairs_pillars, vaults_room_ringed_pool, uniq_sojobo
Vaults:4: nicolae_vaults_hallways_thing, vaults_room_semicircle,
          nicolae_vaults_fighting_squares, ontoclasm_vaults_pinch, v_misc_2,
          dpeg_vaults_monster_box, nicolae_vaults_border_crossing,
          trove_entry_hex_spiral, basic_altar
Crypt:1:  basic_altar, kb_skeletal_archery, grunt_crypt_arrival_split,
          grunt_megastairs_1
Crypt:2:  columned_hall_lemuel, lemuel_dead_fish_pool
Crypt:3:  quadcrypt_mu
Depths:1: kennysheep_snake, abyss_entry, pf_dread_powers_of_hell,
          nicolae_two_hexagons, rand_demon_pan_entry_3, serial_bayou_pond_c,
          eino_tiny_chamber, guppyfry_shop_earth
Depths:2: lemuel_minitomb, hex_tiny, serial_shops, nicolae_shop_trees, shop,
          abyss_entry, grunt_pan_entry_in_and_out, hellmouth_1,
          roderic_lattice_octagonal_star, infiniplex_staircase_zigzag_3
Depths:3: kennysheep_windowed_halls, rand_demon_pan_entry_1, hell_entry,
          minmay_misc_feat_plants, infiniplex_staircase_pillars_1,
          grunt_megastairs_4
Depths:4: hangedman_spin_cycle, hell_entry, abyss_entry
Depths:5: grunt_zot_entry_bicorn, enter_ziggurat_f,
          nicolae_abyss_entry_one_way_or_another, lightli_too_deep
Coc:4:    nicolae_coc_three_mouths
Coc:6:    serial_ice, serial_ice_f, serial_ice_b, serial_ice_n
Coc:7:    coc_hangedman
Abyss:1:  minivault_23
Abyss:2:  hangedman_decor_points, evilmike_abyss_exit_6, abyss_greek_temple
Abyss:3:  bh_abyss_negative, minivault_1, evilmike_abyss_exit_5,
          hangedman_stitches_earthworm
Lab:      labyrinth_spiral
IceCv:    ice_cave_caverns_01
Volcano:  volcano_village
WizLab:   wizlab_cigotuvi

Action                   |  1- 3 |  4- 6 |  7- 9 | 10-12 | 13-15 | 16-18 | 19-21 | 22-24 | 25-27 || total
-------------------------+-------+-------+-------+-------+-------+-------+-------+-------+-------++-------
Melee: Mace              |   115 |     2 |       |       |       |       |       |       |       ||   117
       Flail             |       |   168 |   388 |  1296 |    67 |       |       |       |       ||  1919
       Demon whip        |       |       |       |       |  2770 |  1963 |  1449 |  1414 |  5214 || 12810
       Unarmed           |       |       |       |       |       |       |       |       |    12 ||    12
 Fire: Hand crossbow     |       |       |       |       |       |       |    60 |     3 |       ||    63
Invok: Berserk           |     4 |     5 |     8 |    15 |       |     1 |       |       |       ||    33
       Trog's Hand       |       |     1 |     2 |     1 |     2 |     3 |       |     2 |    25 ||    36
       Brothers in Arms  |       |       |       |     4 |       |       |     1 |     3 |     3 ||    11
       Burn Spellbooks   |       |       |       |       |       |       |       |     1 |     2 ||     3
 Abil: Stop Flying       |       |       |       |       |       |       |     1 |     3 |     1 ||     5
       Evoke Flight      |       |       |       |       |       |       |     1 |     3 |     1 ||     5
Evoke: Wand              |       |       |       |       |       |       |     2 |     2 |     3 ||     7
       Horn of Geryon    |       |       |       |       |       |       |       |       |     1 ||     1
  Use: Scroll            |       |     6 |     3 |    20 |    16 |    14 |    21 |    11 |    18 ||   109
       Potion            |       |       |       |     6 |     2 |     3 |     4 |     3 |    26 ||    44
 Stab: Sleeping          |     1 |       |     1 |     2 |       |       |     1 |     1 |       ||     6
       Distracted        |       |       |     4 |     7 |    19 |    18 |    10 |     5 |    12 ||    75
       Confused          |       |       |       |       |       |     2 |       |       |     1 ||     3
  Eat: Chunk             |     6 |    14 |    25 |    45 |    45 |    35 |    33 |    32 |    20 ||   255
       Pizza             |       |       |     2 |     5 |       |       |       |       |     1 ||     8
       Fruit             |       |       |       |    10 |       |    14 |    11 |       |    17 ||    52
       Beef jerky        |       |       |       |     3 |       |     2 |       |       |     6 ||    11
       Bread ration      |       |       |       |       |       |       |     1 |       |    12 ||    13
       Meat ration       |       |       |       |       |       |       |     1 |       |     4 ||     5
       Royal jelly       |       |       |       |       |       |       |       |       |     3 ||     3
